 Dungeon Crawl Stone Soup version 0.20-a0-513-g02c11fc (webtiles) character file.

98 mopl the Slasher (level 4, -1/35 HPs)
             Began as a Barachian Fighter on Jan 22, 2017.
             Slain by a gnoll
             ... wielding a +0 halberd
              (13 damage)
             ... on level 3 of the Dungeon.
             The game lasted 00:02:55 (2394 turns).

mopl the Slasher (Barachian Fighter)                Turns: 2394, Time: 00:02:56

Health: -1/35      AC: 11    Str: 14    XL:     4   Next: 69%
Magic:  4/4        EV:  3    Int:  7    God:
Gold:   268        SH:  8    Dex: 10    Spells: 3/3 levels left

rFire    . . .     SeeInvis .   a - +0 long sword
rCold    . . .     Gourm    .   l - +0 chain mail
rNeg     . . .     Faith    .   c - +0 shield
rPois    .         Spirit   .   (no helmet)
rElec    .         Reflect  .   n - +0 cloak
rCorr    .         Harm     .   (no gloves)
MR       .....                  t - +0 pair of boots
Stlth    ..........             (no amulet)
Regen    0.2/turn               (no ring)
                                (no ring)

@: slow
A: swims, slowness 1, strong legs 1
a: Hop


You were on level 3 of the Dungeon.
You were hungry.

You visited 1 branch of the dungeon, and saw 3 of its levels.

You collected 268 gold pieces.

Inventory:

Hand Weapons
 a - a +0 long sword (weapon)
Armour
 c - a +0 shield (worn)
 l - a +0 chain mail (worn)
 n - a +0 cloak (worn)
 t - a +0 pair of boots (worn)
Scrolls
 b - a scroll of teleportation {unknown}
 g - a scroll of random uselessness {unknown}
 i - 5 scrolls of identify {unknown}
 m - 4 scrolls of remove curse {unknown}
 p - a scroll of enchant armour {unknown}
 q - a scroll of amnesia {unknown}
 r - a scroll of recharging {unknown}
 u - a scroll of immolation {unknown}
Potions
 d - a potion of might
 e - a potion of degeneration {unknown}
 j - a potion of agility {unknown}
 k - a potion of flight {unknown}
 o - a potion of cancellation {unknown}
 v - a potion of brilliance {unknown}
Comestibles
 f - 2 bread rations
 h - 2 royal jellies
 s - 2 meat rations


   Skills:
 - Level 3.2 Fighting
 + Level 5.2 Long Blades
 - Level 3.2 Armour
 - Level 3.0 Shields


You had 3 spell levels left.
You didn't know any spells.

Dungeon Overview and Level Annotations

Branches:
Dungeon (3/15)

Altars:
Fedhas
Trog

Annotations:
D:3 p0werm0de's ghost, amateur DsWn


Innate Abilities, Weirdness & Mutations

You can swim through water.
You cover ground slowly.
You can hop short distances.


Message History

You are too injured to fight recklessly!
You are too injured to fight recklessly!
You are too injured to fight recklessly!
You are too injured to fight recklessly!
You are too injured to fight recklessly!
You are too injured to fight recklessly!
You are too injured to fight recklessly!
You are too injured to fight recklessly!
You are too injured to fight recklessly!
You are too injured to fight recklessly!
You are too injured to fight recklessly!
You are too injured to fight recklessly!
You are too injured to fight recklessly!
You are too injured to fight recklessly!
You are too injured to fight recklessly!
You are too injured to fight recklessly!
You are too injured to fight recklessly!
The gnoll barely misses you.
The gnoll hits you from afar with a halberd!
You die...

##########..............#
...................######
##########.........#
###............[...#
..#...........>....#
..#........###..####
..#........####.## ##########
..#.........# #..# #..........
..#######...# ##@## #..........
..# #...# #..# #.(........
..#######...# ##g# #..........
..##........# #S# #..........
####........#####.####..........
..................W.SWl....[....
####........#####.####..<.......
#.............# #..# #..........
#.............# ##.#########.###


You could see p0werm0de's ghost, a gnoll and an adder.

Vanquished Creatures
  2 gnolls (D:3)
  3 adders
  An ooze (D:2)
  A worm (D:3)
  2 dart slugs (D:2)
  3 leopard geckos
  A ball python (D:1)
  7 bats
  3 giant cockroaches
  4 goblins
  3 hobgoblins
  2 quokkas (D:2)
  3 kobolds
  3 rats
38 creatures vanquished.

Vanquished Creatures (others)
  A fungus (D:2)
1 creature vanquished.

Grand Total: 39 creatures vanquished

Notes
Turn   | Place    | Note
-------+----------+-------------------------------------------
     0 | D:1      | mopl the Barachian Fighter began the quest for the Orb.
     0 | D:1      | Reached XP level 1. HP: 18/18 MP: 1/1
    82 | D:1      | Reached skill level 3 in Long Blades
    82 | D:1      | Reached XP level 2. HP: 17/24 MP: 2/2
   855 | D:2      | Found a blossoming altar of Fedhas.
   951 | D:2      | Reached XP level 3. HP: 9/29 MP: 3/3
  1250 | D:2      | Reached skill level 4 in Long Blades
  1787 | D:2      | Reached XP level 4. HP: 35/35 MP: 4/4
  2005 | D:3      | Noticed p0werm0de's ghost (amateur DsWn)
  2010 | D:3      | Reached skill level 5 in Long Blades
  2296 | D:3      | Found a faded altar of an unknown god.
  2315 | D:3      | Became a worshipper of Trog the Wrathful
  2315 | D:3      | Reached * piety under Trog
  2316 | D:3      | Fell from the grace of Trog
  2394 | D:3      | Slain by a gnoll

Vault maps used:
D:1:      sevenhm_arrival_forest_fort_large_4, serial_forest,
          infiniplex_forest_clump_double, infiniplex_forest_corner_2,
          infiniplex_forest_pool, infiniplex_forest_clump_medium,
          infiniplex_forest_lined_room_3, infiniplex_forest_corner_2,
          minmay_box_of_dots
D:2:      roderic_roman_lattice, fedhas_altar_3
D:3:      chequers_ecumenical_altar_simple_redux

Skill      XL: |  1  2  3  4 |
---------------+-------------+-----
Long Blades    | 3 4 5 |  5.2
Fighting       | |  3.2
Armour         | |  3.2
Shields        | |  3.0

Action                   |  1- 3 |  4- 6 || total
-------------------------+-------+-------++-------
Melee: Long sword        |   162 |    32 ||   194
Invok: Renounce Religion |       |     1 ||     1
 Abil: Hop               |     1 |       ||     1
  Eat: Chunk             |     4 |     1 ||     5
Armor: Scale mail        |    52 |       ||    52
       Chain mail        |   127 |    19 ||   146
Dodge: Dodged            |    47 |     8 ||    55
Block: Shield            |   124 |    14 ||   138
       Rpst.: Long sword |    18 |     2 ||    20
